 Dungeon Crawl Stone Soup version 0.17.0-17-ge4ba49f (console) character file.

70 Kloppie the Skirmisher (level 4, -2/24 HPs)
             Began as a Vine Stalker Fighter on Nov 11, 2015.
             Killed from afar by a white imp (7 damage)
             ... with a puff of frost
             ... summoned by Natasha
             ... on level 2 of the Dungeon.
             The game lasted 00:03:00 (1007 turns).

Kloppie the Skirmisher (Vine Stalker Fighter)       Turns: 1007, Time: 00:03:00

Health: -2/24      AC:  9    Str: 19    XL:     4   Next: 22%
Magic:  0/5        EV:  7    Int:  8    God:
Gold:   45         SH:  9    Dex: 14    Spells: 0 memorised, 3 levels left

rFire  . . .     SeeInvis .     a - +0 rapier
rCold  . . .     Clarity  .     b - +0 scale mail
rNeg   . . .     SustAt   .     c - +0 shield
rPois  .         Gourm    .     u - +2 hat
rElec  .         Spirit   +     (no cloak)
rCorr  .         Warding  .     (no gloves)
rMut   .         Stasis   .     l - +0 pair of boots
MR     .....                    (no amulet)
Stlth  ..........               (no ring)
                                (no ring)

@: slowed, very slow, not resistant to hostile enchantments, extremely
unstealthy
A: fangs 2, regeneration 1, magic shield, antimagic bite, no device heal 3, rot
immunity
a: no special abilities


You were on level 2 of the Dungeon.
You were hungry.

You visited 1 branch of the dungeon, and saw 2 of its levels.

You collected 45 gold pieces.

Inventory:

Hand Weapons
 a - a +0 rapier (weapon)
Armour
 b - a +0 scale mail (worn)
 c - a +0 shield (worn)
 l - a +0 pair of boots (worn)
 s - a +0 chain mail
 u - a +2 hat (worn)
Scrolls
 g - 2 scrolls of remove curse {unknown}
 j - a scroll of recharging {unknown}
 k - 4 scrolls of identify {unknown}
 m - 2 scrolls of teleportation {unknown}
 o - a scroll of amnesia {unknown}
 q - a scroll of fog {unknown}
 t - a scroll of noise {unknown}
Potions
 d - a potion of might
 f - a potion of haste {unknown}
 n - a potion of poison {unknown}
 p - 2 potions of curing {unknown}
 r - a potion of mutation {unknown}
Comestibles
 e - 2 bread rations
 h - 2 meat rations
 i - a beef jerky
 v - a slice of pizza


   Skills:
 + Level 3.5 Fighting
 + Level 2.5 Short Blades
 + Level 3.0 Armour
 - Level 2.6 Shields


You had 3 spell levels left.
You didn't know any spells.

Dungeon Overview and Level Annotations

Branches:
Dungeon (2/15)

Altars:
Ru

Annotations:
D:2 Natasha


Innate Abilities, Weirdness & Mutations

You have extremely sharp teeth.
Your natural rate of healing is unusually fast.
When hurt, damage is shared between your health and your magic reserves.
Your bite disrupts and absorbs the magic of your enemies.
Potions and wands cannot restore your health.
You are immune to rotting.


Message History

* * * LOW HITPOINT WARNING * * *
The white imp freezes you.
* * * LOW HITPOINT WARNING * * *
Natasha claws you.
* * * LOW HITPOINT WARNING * * *
You closely miss Natasha. You bite Natasha, but do no damage.
Natasha is almost dead.
The white imp hits you but does no damage.
You block Natasha's attack. The white imp gestures at you.
The puff of frost hits you!
* * * LOW HITPOINT WARNING * * *
Natasha falters for a moment.
You closely miss Natasha.
Natasha is almost dead.
The white imp gestures at you. The puff of frost misses you.
Natasha claws you but does no damage. The white imp gestures at you.
The puff of frost hits you!
You die...

... ..## #.. ...# #..
#..# #.# #..# #.#
###..####.########
#5......#.........
#h#..##.#.########
.#####@#[.##.#.#
#.......5..##.#.#
#######.#†.##.#.#
#.#...)...#
####.......#.########
##.####..####.........
##...##.........#######
#.........#.###.# ###
##...##...#.# #.# #..


You could see Natasha and 2 white imps.

Vanquished Creatures
  2 adders
  An ooze (D:2)
  2 ball pythons
  5 giant cockroaches
  5 goblins (D:1)
  5 hobgoblins
  5 jackals (D:1)
  8 kobolds
  10 bats
  A giant newt (D:1)
  2 rats (D:1)
46 creatures vanquished.

Notes
Turn   | Place    | Note
--------------------------------------------------------------
     0 | D:1      | Kloppie the Vine Stalker Fighter began the quest for the Orb.
     0 | D:1      | Reached XP level 1. HP: 11/11 MP: 2/2
    44 | D:1      | Reached skill level 3 in Fighting
    69 | D:1      | Reached XP level 2. HP: 16/16 MP: 1/3
   335 | D:1      | Reached XP level 3. HP: 20/20 MP: 4/4
   660 | D:2      | Reached XP level 4. HP: 24/24 MP: 5/5
   696 | D:2      | Found a sacrificial altar of Ru.
   991 | D:2      | Noticed Natasha
  1007 | D:2      | Killed from afar by a white imp

Action                   |  1- 3 |  4- 6 || total
-------------------------+-------+-------++-------
Melee: Rapier            |   115 |    47 ||   162
